 Dungeon Crawl Stone Soup version 0.30-a0-134-gb40fab5c76 (webtiles) character file.

Game seed: 13329581554811198989

63 ytrimaz the Covered (level 4, 0/37 HPs)
             Began as a Formicid Fighter on Sept 19, 2022.
             Slain by a kobold
             ... wielding a +0 club
              (4 damage)
             ... on level 2 of the Dungeon.
             The game lasted 00:01:22 (1246 turns).

ytrimaz the Covered (Formicid Fighter)              Turns: 1246, Time: 00:01:23

Health: 0/37       AC:  7    Str: 23    XL:     4   Next: 30%
Magic:  4/4        EV:  9    Int:  7    God:
Gold:   27         SH:  6    Dex: 13    Spells: 3/3 levels left

rFire   + . .      SeeInvis +    a - +0 war axe
rCold   + . .      Faith    .    c - +1 buckler
rNeg    . . .      Spirit   .    b - +0 scale mail
rPois   +          Reflect  .    (helmet unavailable)
rElec   +          Harm     .    (no cloak)
rCorr   +          Rampage  .    (no gloves)
Will    .....                    (no boots)
Stlth   ..........               (no amulet)
HPRegen 0.12/turn                (no ring)
MPRegen 0.09/turn                (no ring)

@: mighty, resistant
A: permanent stasis, dig shafts and tunnels, antennae 3, four strong arms
a: Dig, Shaft Self


You were on level 2 of the Dungeon.
You visited 1 branch of the dungeon, and saw 2 of its levels.

You collected 27 gold pieces.


Innate Abilities, Weirdness & Mutations

You cannot be hasted, slowed, berserked, paralysed or teleported.
You can dig through walls and to a lower floor.
You have a pair of large antennae on your head. (SInv)
Your four strong arms can wield two-handed weapons with a shield.


   Skills:
 + Level 4.0 Fighting
 + Level 2.9 Axes
 + Level 4.1 Armour
 - Level 4.0 Shields


You had 3 spell levels left.
You didn't know any spells.
Your spell library contained the following spells:

 Spells                   Type           Power      Damage    Failure   Level
 Hailstorm                Conj/Ice       0%         3d3       100%        4
 Ice Form                 Ice/Tmut       0%         N/A       100%        4
 Simulacrum               Ice/Necr       0%         N/A       100%        6

Inventory:

Hand Weapons
 a - a +0 war axe (weapon)
Armour
 b - a +0 scale mail (worn)
 c - a +1 buckler (worn)
Potions
 d - a potion of ambrosia

Dungeon Overview and Level Annotations

Branches:
Dungeon (2/15) Zot: 10708

Altars:

#.........#
#.........#######........
#...............#........
##########......#........
#......#........
#......#........
#......#........
#..8.8.#gZ......
#.....@gg.......
#....gK#........
###8...g........
######........ #........
#########


You could see 5 gnolls, a kobold and a quokka skeleton.


Message History

Unknown command.
You open the door.
A gnoll comes into view. It is wielding a +0 flail.
The gnoll shouts!
You hear a shout! x2
A gnoll comes into view. It is wielding a +0 club.
The gnoll moves out of view. 2 gnolls and a kobold come into view.
The gnoll shouts! x2; The kobold shouts!
There is an open door here.
Unknown command.
The kobold hits you but does no damage.
A quokka skeleton comes into view.
You block the gnoll's attack.
You hit the gnoll. x2; You hit the kobold but do no damage.
The kobold hits you but does no damage.
You hit the gnoll. x2; You hit the kobold.
The kobold barely misses you.
A gnoll comes into view.
It is wielding a +0 halberd and quivering poisoned darts.
The gnoll hits you but does no damage.
You barely miss the gnoll. You closely miss the kobold.
You hit the gnoll but do no damage. You hit the gnoll.
A gnoll comes into view. It is wielding a +0 club.
The gnoll hits you with a +0 flail. You block the gnoll's attack.
The gnoll completely misses you. The kobold barely misses you.
The gnoll hits you but does no damage. The gnoll hits you with a +0 spear.
The gnoll hits you with a +0 flail! The kobold misses you. 😮 HP[-13]
You take 13 damage, and now have 24/37 hp.
MASSIVE DAMAGE!! (PAUSE)
You are too injured to fight recklessly!
You are too injured to fight recklessly!
Unknown command.
You aren't carrying any scrolls.
Unknown command.
The gnoll attacks as you move away! The gnoll hits you with a +0 flail.
The gnoll attacks as you move away! The gnoll hits you with a +0 club.
* * * LOW HITPOINT WARNING * * *
The kobold hits you but does no damage.
The gnoll hits you from afar with a +0 spear.
* * * LOW HITPOINT WARNING * * *
There is an open door, spattered with blood here.
The gnoll attacks as you move away! The gnoll hits you with a +0 club.
* * * LOW HITPOINT WARNING * * *
The kobold attacks as you move away! The kobold hits you with a +0 club.
* * * LOW HITPOINT WARNING * * *
😱 HP[-15]
You take 15 damage, and now have 9/37 hp.
MASSIVE DAMAGE!! (PAUSE) It was a potion of ambrosia.
You are confused.
You feel invigorated. The gnoll barely misses you. 😨 HP[+4]
You regained 4 hp, and now have 13/37 hp.
It was a potion of haste.
Your stasis prevents you from being hasted.
The gnoll hits you from afar with a +0 spear.
* * * LOW HITPOINT WARNING * * *
😨 HP[+1] Unknown command.
It was a potion of resistance.
You feel protected. The kobold closely misses you.
The gnoll completely misses you.
The gnoll hits you from afar with a +0 spear.
* * * LOW HITPOINT WARNING * * *
😨 HP[-3]
You take 3 damage, and now have 11/37 hp.
You feel very mighty all of a sudden. The kobold hits you but does no damage.
The gnoll hits you but does no damage. The gnoll barely misses you. 😨 HP[+4]
You regained 4 hp, and now have 15/37 hp.
Unknown command.
Unknown command.
The kobold attacks as you move away! The kobold barely misses you.
A gnoll opens the door.
The gnoll hits you with a +0 flail!
* * * LOW HITPOINT WARNING * * *
😱 HP[-6]
You take 6 damage, and now have 9/37 hp.
Unknown command.
You miss the kobold. You hit the withered plant.
The withered plant begins to crumble.
You slash the gnoll!
You kill the gnoll!
You feel less invigorated.
You feel less confused. The kobold hits you with a +0 club.
* * * LOW HITPOINT WARNING * * *
😨 HP[+3]
You regained 3 hp, and now have 12/37 hp.
Unknown command.
The gnoll closely misses you. The kobold closely misses you.
The gnoll hits you from afar with a +0 spear.
* * * LOW HITPOINT WARNING * * *
Things that are here:
a +0 flail; a gnoll corpse; 😱 HP[-6]
You take 6 damage, and now have 6/37 hp.
You barely miss the gnoll. You slash the withered plant!
You closely miss the kobold.
The withered plant crumbles away.
The gnoll hits you with a +0 halberd.
* * * LOW HITPOINT WARNING * * *
The kobold hits you with a +0 club.
You die...

Skill      XL: |  1  2  3 |
---------------+----------+-----
Fighting       | 4 |  4.0
Armour         | 4 |  4.1
Axes           | |  2.9
Shields        | |  4.0

Action                   |  1- 3 |  4- 6 || total
-------------------------+-------+-------++-------
Melee: War axe           |   104 |     8 ||   112
  Use: Potion            |     1 |     4 ||     5
       Scroll            |     1 |       ||     1
Armor: Scale mail        |    50 |     7 ||    57
Dodge: Dodged            |    76 |    14 ||    90
Block: Buckler           |    40 |     3 ||    43

Levels and vault maps discovered:
D:1:      saegor_arrival_simple_e, layout_basic,
          hellmonk_ecumenical_altar_dog_temple
D:2:      layout_basic, serial_undead, serial_undead_c, serial_undead_d,
          serial_undead_b, serial_undead_d

Notes
Turn   | Place    | Note
-------+----------+-------------------------------------------
     0 | D:1      | ytrimaz the Formicid Fighter began the quest for the Orb.
     0 | D:1      | Reached XP level 1. HP: 18/18 MP: 1/1
     0 | D:1      | magus.rc [v1.9.6]
    44 | D:1      | Reached XP level 2. HP: 7/24 MP: 2/2
   448 | D:1      | Reached XP level 3. HP: 30/30 MP: 3/3
   670 | D:1      | You pick up a book of the Tundra and begin reading...
   670 | D:1      | You add the spells Hailstorm, Ice Form and Simulacrum to
                  | your library.
   818 | D:1      | Found a faded altar of an unknown god.
  1087 | D:2      | Reached skill level 4 in Fighting
  1087 | D:2      | Reached skill level 4 in Armour
  1087 | D:2      | Reached XP level 4. HP: 31/37 MP: 4/4
  1238 | D:2      | HP: 9/37 [kobold/+0 club (2)]
  1243 | D:2      | HP: 9/37 [gnoll/+0 flail (10)]
  1246 | D:2      | HP: 4/37 [gnoll/+0 halberd (2)]
  1246 | D:2      | Slain by a kobold

Vanquished Creatures
  An adder (D:2)
  A gnoll (D:2)
  A dart slug (D:1)
  2 endoplasms (D:1)
  3 giant cockroaches (D:1)
  6 goblins
  13 jackals (D:1)
  2 kobolds (D:1)
  2 quokkas
  A ball python (D:1)
  3 bats (D:1)
  A frilled lizard (D:1)
36 creatures vanquished.

Vanquished Creatures (others)
  A withered plant (D:2)
1 creature vanquished.

Grand Total: 37 creatures vanquished

Table legend:
 A = Non-vault XP
 B = Vault XP
 C = Vault XP percentage of total XP
 D = Non-vault monster count
 E = Vault monster count
 F = Vault count percentage of total count
                 A         B        C        D         E       F
            +---------+---------+-------+---------+---------+-------
      Total |      82 |       8 |   8.9 |      32 |       4 |  11.1
            +---------+---------+-------+---------+---------+-------
        D:1 |      51 |       8 |  13.6 |      27 |       4 |  12.9
        D:2 |      31 |       0 |   0.0 |       5 |       0 |   0.0
            +---------+---------+-------+---------+---------+-------

Illustrated notes

Table legend:
 A = Kills in this place as a percentage of kills in entire the game.
 B = Kills by you in this place as a percentage of kills by you in the entire game.
 C = Kills by friends in this place as a percentage of kills by friends in the entire game.
 D = Other kills in this place as a percentage of other kills in the entire game.
 E = Experience gained in this place as a percentage of experience gained in the entire game.
 F = Experience gained in this place divided by the number of levels of this place that you have seen.
                   A       B       C       D       E      F
               +-------+-------+-------+-------+-------+----------------------
         Total | 100.0 | 100.0 |   N/A |   N/A | 100.0 |  45.0
       Dungeon | 100.0 | 100.0 |   N/A |   N/A | 100.0 |  45.0
               +-------+-------+-------+-------+-------+----------------------

Table legend: (Time is in decaauts)
 A = Elapsed time spent in this place.
 B = Non-inter-level travel time spent in this place.
 C = Inter-level travel time spent in this place.
 D = Time resting spent in this place.
 E = Time spent auto-exploring this place.
 F = Levels seen in this place.
 G = Mean time per level.
                   A        B        C        D        E       F      G
               +--------+--------+--------+--------+--------+-----+--------+
         Total |   1290 |   1286 |      4 |     95 |    907 |   2 |  645.0 |
       Dungeon |   1290 |   1286 |      4 |     95 |    907 |   2 |  645.0 |
               +--------+--------+--------+--------+--------+-----+--------+

Top non-repeatable levels by time:
     D:1: 1105 daAuts
     D:2: 184 daAuts
